AoeStats
← Sneaky_Topolino

Arabia

507371600Analyzed
1v1 RM · 1mo ago on Sep 17, 2026· 33m 32s· 2 players
Game mode
Random Map
Map size
Tiny (2 player)
Population
200
Speed
Normal
Resources
Standard
Victory
Conquest
Starting age
Dark Age
Ending age
Imperial Age
RankedLock teamsTeams togetherTeam positionsShared explorationLock speedFull tech treeHidden civsTurbo modeCheats
Victory
Defeat
🇺🇦 Jurchens · Ukraine
1067
+14
vs
🇧🇷 Britons · Brazil
1014
-14
Rocco
10:24 Feudal Age
10:53 Double-Bit Axe
19:46 Fletching
22:15 Wheelbarrow
26:45 Castle Age
25:52 Padded Archer Armor
25:43 Gold Mining
25:33 Horse Collar
26:58 Pikeman
27:38 Squires
27:43 Crossbowman
Sneaky_Topolino
5:09 Loom
10:13 Feudal Age
12:15 Double-Bit Axe
14:01 Horse Collar
19:13 Castle Age
19:00 Fletching
20:25 Bow Saw
22:15 Elite Skirmisher
23:27 Padded Archer Armor
26:09 Gold Mining
26:56 Scale Barding Armor
29:40 Bloodlines
Connection lost

Rejoining the realm…

Still unreachable

The connection could not be restored.

Session expired

The server has moved on; the page needs a fresh start.